 Seeded DCSS version 0.29.1-13-g9f3cf754e1 (webtiles) character file.

Game seed: 3467139861098030199 (custom seed)

104397 purpskrrrp the Tortoise (level 16, -1/73 HPs)
             Began as a Gargoyle Fighter on Feb 4, 2023.
             Was an Initiate of Gozag.
             Slain by a merfolk impaler
             ... wielding a +1 trident of distortion
              (8 damage)
             ... on level 1 of the Shoals.
             The game lasted 01:17:18 (28707 turns).

purpskrrrp the Tortoise (Gargoyle Fighter)         Turns: 28707, Time: 01:17:28

Health: -1/73      AC: 53    Str: 38      XL:     16   Next: 38%
Magic:  4/29       EV:  6    Int:  9 (10) God:    Gozag
Gold:   501        SH: 18    Dex:  6 (7)  Spells: 15/15 levels left

rFire   + . .      SeeInvis +   b - +10 broad axe "Beetlebane" {vorpal, Str+4 Int+3}
rCold   + + .      Faith    .   X - +0 tower shield
rNeg    + + +      Spirit   .   E - +13 crystal plate armour of the Devil's Team {rPois rC+ rN+++ Dex-5}
rPois   ∞          Reflect  .   L - +0 helmet
rElec   +          Harm     .   r - +0 cloak
rCorr   .          Rampage  .   t - +2 pair of gloves {infuse}
Will    +....      Rage     9%  z - +1 pair of boots of the Archfiend {rF+ Str+3}
Stlth   ..........              A - amulet of Wonder {Regen+ MP+9 Dex+3}
HPRegen 0.00/turn               P - ring "Ivoiblyev" {rElec rC+ MP+9 Str+3 SInv}
MPRegen 0.21/turn               x - +6 ring of strength

@: gold aura, on berserk cooldown, flying, inhibited regen, slowed, studying
Unarmed Combat, unable to drink, very slow
A: sickness immunity, AC +12, big wings, negative energy resistance 1,
electricity resistance, torment resistance 1, petrification resistance, large
bone plates 1, sense surroundings 1, MP-powered wands, [berserk 2], [deformed
body], [deterioration 2], [dopey 2], [frail 3], [low MP 3], [inhibited
regeneration], [weak 2], [inability to drink after injury 2]
a: Renounce Religion, Potion Petition, Call Merchant, Bribe Branch


You were on level 1 of the Shoals.
You worshipped Gozag.
Gozag was pleased with you.
You visited 5 branches of the dungeon, and saw 24 of its levels.
You visited the Abyss 1 time.
You also visited: Gauntlet.

You collected 8778 gold pieces.
You spent 1843 gold pieces at shops.
You paid 6434 gold pieces to Gozag.

Inventory:

Hand Weapons
 b - the +10 broad axe "Beetlebane" (weapon) {vorpal, Str+4 Int+3}
   (You acquired it on level 12 of the Dungeon)

   It inflicts extra damage upon your enemies.
   Str:       It affects your strength (+4).
   Int:       It affects your intelligence (+3).
Missiles
 c - 5 silver javelins
 l - 2 silver boomerangs
 n - 6 boomerangs of dispersal
 u - 26 boomerangs
 H - 17 poisoned darts
 M - a throwing net
 T - 10 javelins
Armour
 d - a +2 pair of gloves
 r - a +0 cloak (worn)
 t - a +2 pair of gloves of infusion (worn)
 z - the +1 pair of boots of the Archfiend (worn) {rF+ Str+3}
   (You bought it in a shop on level 7 of the Dungeon)

   Str:       It affects your strength (+3).
   rF:        It protects you from fire.
 E - the +13 crystal plate armour of the Devil's Team (worn) {rPois rC+ rN+++ Dex-5}
   (You found it on level 4 of the Dungeon)

   Dex:       It affects your dexterity (-5).
   rC:        It protects you from cold.
   rPois:     It protects you from poison.
   rN:        It renders you almost immune to negative energy.
 L - a +0 helmet (worn)
 X - a +0 tower shield (worn)
Jewellery
 a - a ring of resist corrosion
 x - a +6 ring of strength (right hand)
 y - the ring "Uriz" {Fire rPois rN+ Str+3}
   (You bought it in a shop on level 2 of the Orcish Mines)

   [ring of fire]

   It enhances your fire magic.
   Str:       It affects your strength (+3).
   rF:        It protects you from fire.
   rC:        It makes you vulnerable to cold.
   rPois:     It protects you from poison.
   rN:        It protects you from negative energy.
 A - the amulet of Wonder (around neck) {Regen+ MP+9 Dex+3}
   (You found it in a Gauntlet)

   [amulet of regeneration]

   Dex:       It affects your dexterity (+3).
   MP:        It affects your magic capacity (+9).
   Regen:     It increases your rate of health regeneration.
 P - the ring "Ivoiblyev" (left hand) {rElec rC+ MP+9 Str+3 SInv}
   (You found it on level 7 of the Dungeon)

   [ring of see invisible]

   Str:       It affects your strength (+3).
   rC:        It protects you from cold.
   rElec:     It insulates you from electricity.
   MP:        It affects your magic capacity (+9).
   SInv:      It lets you see invisible.
Wands
 p - a wand of flame (31) (quivered)
 q - a wand of quicksilver (3)
 G - a wand of paralysis (5)
 I - a wand of iceblast (8)
 J - a wand of polymorph (3)
 O - a wand of mindburst (34)
 S - a wand of digging (5)
Scrolls
 f - a scroll of silence
 h - a scroll of fog
 o - 2 scrolls of enchant weapon
 w - 7 scrolls of teleportation
 F - a scroll of magic mapping
 Q - 7 scrolls of identify
 R - a scroll of brand weapon
Potions
 e - 2 potions of resistance
 g - 7 potions of haste
 i - 14 potions of curing
 k - 2 potions of berserk rage
 s - 3 potions of invisibility
 C - 2 potions of heal wounds
 D - 3 potions of cancellation
 N - 3 potions of mutation
 Y - a potion of ambrosia
 Z - 2 potions of might
Miscellaneous
 K - a box of beasts (inert)


   Skills:
 + Level 13.8 Fighting
 * Level 12.3 Axes
 - Level 2.0(8.8) Maces & Flails
 + Level 10.2 Throwing
 * Level 18.1 Armour
 + Level 5.9 Dodging
 * Level 10.7 Shields


You had 15 spell levels left.
You didn't know any spells.
Your spell library contained the following spells:

 Spells                   Type           Power      Damage    Failure   Level
 Apportation              Tloc           0%         N/A       100%        1
 Beastly Appendage        Tmut           0%         N/A       100%        1
 Necrotise                Necr           0%         1d4       100%        1
 Summon Small Mammal      Summ           0%         N/A       100%        1
 Blink                    Tloc           0%         N/A       100%        2
 Wereblood                Tmut           0%         N/A       100%        2
 Gell's Gravitas          Tloc           0%         N/A       100%        3
 Ignite Poison            Fire/Tmut/Pois 0%         N/A       100%        3
 Inner Flame              Hex/Fire       0%         N/A       100%        3
 Lesser Beckoning         Tloc           0%         N/A       100%        3
 Mephitic Cloud           Conj/Pois/Air  0%         N/A       100%        3
 Ozocubu's Armour         Ice            0%         N/A       100%        3
 Portal Projectile        Hex/Tloc       0%         N/A       100%        3
 Spider Form              Tmut/Pois      0%         N/A       100%        3
 Teleport Other           Tloc           0%         N/A       100%        3
 Tukima's Dance           Hex            0%         N/A       100%        3
 Animate Armour           Summ/Erth      0%         N/A       100%        4
 Cause Fear               Hex            0%         N/A       100%        4
 Passage of Golubria      Tloc           0%         N/A       100%        4
 Blade Hands              Tmut           0%         N/A       100%        5
 Freezing Cloud           Conj/Ice/Air   0%         6-21      100%        5
 Irradiate                Conj/Tmut      0%         3d11      100%        5
 Manifold Assault         Tloc           0%         N/A       100%        5
 Silence                  Hex/Air        0%         N/A       100%        5
 Dispersal                Tloc           0%         N/A       100%        6
 Iron Shot                Conj/Erth      0%         9d1       100%        6
 Dragon Form              Tmut           0%         N/A       100%        7
 Ozocubu's Refrigeration  Ice            0%         4d7       100%        7
 Storm Form               Tmut/Air       0%         N/A       100%        7
 Discord                  Hex            0%         N/A       100%        8
 Lehudib's Crystal Spear  Conj/Erth      0%         10d2      100%        8


Dungeon Overview and Level Annotations

Branches:
Dungeon (15/15)            Temple (1/1) D:6            Lair (5/5) D:8
 Shoals (1/4) Lair:2        Snake (0/4) Lair:3        Slime (0/5) Lair:4
    Orc (2/2) D:10            Elf (0/3) Orc:2        Vaults (0/5) D:14
 Depths (0/4) D:15        Gauntlet (visited)

Altars:
Ashenzari
Elyvilon
Fedhas
Gozag
Hepliaklqana
Kikubaaqudgha
Makhleb
Nemelex Xobeh
Okawaru
Qazlal
Ru
Sif Muna
Trog
Uskayaw
Vehumet
Wu Jian
Xom
Yredelemnul
Zin
The Shining One
Jiyva

Shops:
D:2 [   D:7 [!(*   D:15 [*=:   Orc:2 ([=*   Lair:4 [   Lair:5 [

Annotations:
Temple 4 transporters


Innate Abilities, Weirdness & Mutations

You are immune to sickness and miasma.
Your stone body is resilient. (AC +12)
You are immune to poison.
Your large and strong wings let you fly.
You resist negative energy. (rN+)
You are resistant to electric shocks. (rElec)
You are resistant to unholy torment.
You are immune to petrification.
You are partially covered in large bone plates. (SH +4)
You passively map a small area around you.
You expend magic power (3 MP) to strengthen your wands.
[You have an uncontrollable temper.]
[Armour fits poorly on your strangely shaped body.]
[Your body often deteriorates upon taking damage.]
[You are very dopey. (Int -4)]
[You are extremely frail. (-30% HP)]
[Your magical capacity is extremely low. (-30% MP)]
[You do not regenerate when monsters are visible.]
[You are very weak. (Str -4)]
[You sometimes lose the ability to drink potions when taking damage.]


Message History

You block the merfolk impaler's attack. You block the merfolk impaler's attack.
You miss the merfolk impaler.
The merfolk impaler is moderately wounded.
You block the merfolk impaler's attack.
The merfolk impaler hits you but does no damage.
Space warps horribly around you!
You feel threatened and lose the ability to drink potions!
You hit the merfolk impaler.
The merfolk impaler is moderately wounded.
The merfolk impaler hits you with a +1 trident of distortion.
Space warps horribly around you!
* * * LOW HITPOINT WARNING * * *
Your body deteriorates!
You feel dopey.
You barely miss the merfolk impaler.
The merfolk impaler is moderately wounded.
You block the merfolk impaler's attack.
You slice the merfolk impaler like a ripe choko!!!
The merfolk impaler is almost dead.
The merfolk impaler hits you but does no damage.
Space warps around you.
* * * LOW HITPOINT WARNING * * *
You closely miss the merfolk impaler.
The merfolk impaler is almost dead.
You are no longer berserk.
You are exhausted.
You feel yourself slow down. You block the merfolk impaler's attack.
The merfolk impaler hits you with a +1 trident of distortion.
* * * LOW HITPOINT WARNING * * *
Space warps around you.
* * * LOW HITPOINT WARNING * * *
The merfolk is distracted by your dazzling golden aura.
Okay, then.
You open the lid... ...and a larval weirdsting beast leaps out!
The box is emptied!
The merfolk impaler hits you but does no damage.
Space warps horribly around you!
You die...
Your body crumbles into a pile of gold.

..~~≈~~..###.~...~≈≈≈≈≈
.~~~≈~.>.###.~~~~~≈≈≈≈≈
.~~~~..~.....~~~~~≈≈≈≈≈
.~~~~.~~....~~~~~≈≈≈≈≈≈
,
~~~~~~~...~~~~~~(~≈≈≈≈
~~~~~...~~~~~~~~~≈≈≈ ~
~ ~~..~.~§~H~~~~~~≈≈ ~
.....§§~~m~~~~~~≈≈
..###§§$@~~~~~~~≈≈ ~ ..
##§§§§~~~~~~≈≈
##.§§~~...~~≈≈ ~ *
*#...~§~m.~~~≈≈ ,
*#....~~~...~~≈≈
*#....~~~~..~~~
,,.....~~~~~~~~~≈
.....~~~~~~~~~~≈
≈P~~..~~~~~~~~~~~ ~


You could see a merfolk impaler (ally target), a merfolk (unaware) and a
friendly larval weirdsting beast (summoned).

Vanquished Creatures
  Saint Roka (Orc:1)
  Donald (Shoals:1)
  An orc warlord (Orc:1)
  A frost giant (D:15)
  Nessos (Lair:3)
  A minotaur (Gauntlet)
  A green death (Abyss:2)
  A fire dragon (Lair:5)
  A vault guard (D:14)
  7 boulder beetles
  An ogre mage (D:15)
  6 hydras
  5 centaur warriors
  The ghost of hbarley the Cleaver, a novice HOFi (D:9)
  3 tengu warriors (D:15)
  4 two-headed ogres
  A vampire mage (Abyss:2)
  10 death yaks
  A deep elf knight (D:14)
  Nergalle (Orc:1)
  An orc high priest (Orc:2)
  A wretched star (Shoals:1)
  The ghost of hbarley the Cleaver, a novice HOFi of the Shining One (D:7)
  Sonja (D:11)
  A sixfirhy (Abyss:2)
  A glowing orange brain (shapeshifter) (Gauntlet)
  3 wizards (D:14)
  3 lindwurms
  A deep elf pyromancer (D:9)
  4 orc knights
  Pikel (D:7)
  2 necromancers (D:14)
  A mana viper (Abyss:2)
  2 orc sorcerers (Orc:2)
  2 manticores
  2 ugly things
  A faun (shapeshifter) (Gauntlet)
  An oklob plant (Lair:2)
  A wolf spider (Lair:4)
  4 cyclopes
  12 elephants
  A merfolk siren (Lair:2)
  10 black mambas
  2 gargoyles
  2 molten gargoyles (Lair:5)
  3 torpor snails
  A smoke demon (Abyss:2)
  7 cane toads
  A hellion (Abyss:2)
  5 unseen horrors
  6 komodo dragons
  3 yaktaurs (D:15)
  A kobold demonologist (D:13)
  2 ancient zymes (Abyss:2)
  A silent spectre (Abyss:2)
  2 merfolk (Shoals:1)
  5 hornets
  A troll (shapeshifter) (Gauntlet)
  7 trolls
  A polar bear (Lair:3)
  Prince Ribbit (D:7)
  10 raiju
  20 slime creatures
  7 dream sheep (Lair:5)
  2 jumping spiders (Lair:4)
  A water elemental (D:14)
  2 shadows
  12 wyverns
  19 humans (D:14)
  4 large abominations (Abyss:2)
  A vampire (D:11)
  A neqoxec (Gauntlet)
  5 wraiths
  Eustachio (D:5)
  38 yaks
  8 basilisks
  4 vampire mosquitoes (D:12)
  A redback (Lair:4)
  7 steam dragons
  2 chaos spawn (Gauntlet)
  8 wargs
  Menkaure (D:6)
  3 nagas (Lair:3)
  4 hell hounds (Lair:5)
  13 water moccasins
  A water moccasin (shapeshifter) (D:15)
  32 orc warriors
  A black bear (D:4)
  3 ice beasts
  2 sky beasts
  9 ogres
  23 centaurs
  12 wolves
  A lemure (D:7)
  3 kobold brigands
  3 phantoms
  Blork the orc (D:6)
  20 bullfrogs
  2 necrophages
  A scorpion (D:5)
  2 small abominations (Abyss:2)
  4 killer bees (D:7)
  9 electric eels
  2 howler monkeys (D:8)
  4 jellies
  7 lava snakes
  23 orc priests
  9 hounds
  Ijyb (D:5)
  12 hell rats
  6 iguanas
  26 orc wizards
  7 gnolls
  7 adders
  6 white imps
  2 ufetubi
  2 worms
  7 dart slugs
  75 orcs
  An endoplasm (D:3)
  8 giant cockroaches
  5 goblins
  8 hobgoblins
  7 quokkas
  3 ball pythons
  7 bats
  6 frilled lizards
  17 kobolds
  8 rats
  A lurking horror (Abyss:2)
727 creatures vanquished.

Vanquished Creatures (others)
  A komodo dragon (Lair:5)
  A tengu conjurer (D:15)
  A vampire (D:14)
  A lava snake (Lair:5)
  A shadow imp (D:7)
  An ufetubus (D:5)
  2 orcs (D:8)
  A bush (Lair:5)
  25 fungi
  35 plants
  4 withered plants
73 creatures vanquished.

Grand Total: 800 creatures vanquished

Notes
Turn   | Place    | Note
-------+----------+-------------------------------------------
     0 | D:1      | purpskrrrp the Gargoyle Fighter began the quest for the
                  | Orb.
     0 | D:1      | Reached XP level 1. HP: 14/14 MP: 1/1
   189 | D:1      | Reached XP level 2. HP: 14/19 MP: 2/2
   601 | D:1      | Found a faded altar of an unknown god.
   691 | D:1      | Reached XP level 3. HP: 24/24 MP: 3/3
   725 | D:1      | Reached skill level 4 in Armour
   991 | D:2      | Found Kateynok's Antique Armour Boutique.
  1277 | D:2      | Reached XP level 4. HP: 28/30 MP: 4/4
  1587 | D:3      | Found a sacrificial altar of Ru.
  1685 | D:3      | Identified the ring of Plog {Ice rElec Str+4}
  1741 | D:3      | Reached XP level 5. HP: 20/34 MP: 5/5
  2029 | D:3      | Reached skill level 5 in Fighting
  2048 | D:3      | Reached skill level 5 in Armour
  3009 | D:4      | Reached XP level 6. HP: 40/40 MP: 6/6
  3091 | D:4      | Identified the +13 crystal plate armour of the Devil's Team
                  | {rPois rC+ rN+++ Dex-5}
  3218 | D:4      | Noticed a black bear
  3235 | D:4      | Killed a black bear
  3236 | D:4      | Reached skill level 6 in Armour
  3666 | D:5      | Entered Level 5 of the Dungeon
  3698 | D:5      | Reached XP level 7. HP: 42/47 MP: 7/7
  3961 | D:5      | Reached skill level 1 in Axes
  4058 | D:5      | Reached skill level 7 in Armour
  4307 | D:5      | Reached XP level 8. HP: 47/52 MP: 8/8
  4346 | D:5      | Noticed Eustachio
  4377 | D:5      | Noticed Ijyb
  4399 | D:5      | Killed Ijyb
  4801 | D:5      | Reached skill level 1 in Throwing
  4926 | D:5      | Killed Eustachio
  4927 | D:5      | Reached skill level 8 in Armour
  5620 | D:6      | Found a staircase to the Ecumenical Temple.
  5641 | D:6      | Noticed Blork the orc
  5651 | D:6      | Reached XP level 9. HP: 43/58 MP: 9/9
  5663 | D:6      | Reached skill level 9 in Armour
  5683 | D:6      | Killed Blork the orc
  5943 | D:6      | Identified the +2 robe of the Stars {rF+ Str+3 Dex+3}
  6005 | D:6      | Noticed Menkaure
  6012 | D:6      | Killed Menkaure
  6030 | D:6      | Reached skill level 10 in Armour
  6332 | Temple   | Entered the Ecumenical Temple
  6332 | Temple   | Found a transporter.
  6332 | Temple   | Found a transporter.
  6334 | Temple   | Found a transporter.
  6334 | Temple   | Found a transporter.
  6350 | Temple   | Became a worshipper of Gozag Ym Sagoz the Greedy
  6457 | D:2      | Bought a helmet for 108 gold pieces
  6563 | D:7      | Noticed hbarley's ghost (novice HOFi)
  6563 | D:7      | Found a runed translucent door.
  6612 | D:7      | Noticed a hornet
  6647 | D:7      | Killed a hornet
  6786 | D:7      | Noticed Prince Ribbit
  6791 | D:7      | Killed Prince Ribbit
  6792 | D:7      | Reached XP level 10. HP: 65/65 MP: 10/10
  6858 | D:7      | Found Ilyklam's Distillery.
  6858 | D:7      | Found Dygof's Assorted Antiques.
  6858 | D:7      | Found Xoaruiz's Antique Weapon Shop.
  6942 | D:7      | Found Vekug's Antique Armour Shop.
  6960 | D:7      | Bought 2 potions of mutation for 160 gold pieces
  6960 | D:7      | Gained mutation: You passively map a small area around you.
                  | [potion of mutation]
  6960 | D:7      | Gained mutation: You expend magic power (3 MP) to
                  | strengthen your wands. [potion of mutation]
  6960 | D:7      | Gained mutation: You are partially covered in large bone
                  | plates. (SH +4) [potion of mutation]
  6983 | D:7      | Reached skill level 5 in Axes
  7035 | D:7      | Reached skill level 11 in Armour
  7038 | D:7      | Identified the ring "Ivoiblyev" {rElec rC+ MP+9 Str+3 SInv}
  7171 | D:7      | Noticed Pikel
  7185 | D:7      | Killed Pikel
  7380 | D:7      | Reached skill level 5 in Throwing
  7960 | D:7      | Killed hbarley's ghost
  8069 | D:7      | Bought a pair of crude boots for 323 gold pieces
  8069 | D:7      | Identified the +1 pair of boots of the Archfiend {rF+
                  | Str+3} (You bought it in a shop on level 7 of the Dungeon)
  8164 | D:8      | Found a stormy altar of Qazlal.
  8170 | D:8      | Found a white marble altar of Elyvilon.
  8170 | D:8      | Found an ornate altar of the Wu Jian Council.
  8172 | D:8      | Found a bloodstained altar of Trog.
  8249 | D:8      | Reached skill level 12 in Armour
  8407 | D:8      | Reached XP level 11. HP: 64/72 MP: 11/11
  8486 | D:8      | Reached skill level 10 in Fighting
  8890 | D:8      | Found a staircase to the Lair.
  9035 | D:8      | Noticed a two-headed ogre
  9041 | D:8      | Killed a two-headed ogre
  9042 | D:8      | Noticed a manticore
  9061 | D:8      | Killed a manticore
  9279 | D:8      | Noticed a centaur warrior
  9293 | D:8      | Killed a centaur warrior
  9294 | D:8      | Reached skill level 13 in Armour
  9812 | D:9      | Noticed a deep elf pyromancer
  9814 | D:9      | Killed a deep elf pyromancer
 10058 | D:9      | Noticed a cyan ugly thing
 10066 | D:9      | Killed a cyan ugly thing
 10099 | D:9      | Found a runed translucent door.
 10101 | D:9      | Noticed hbarley's ghost (novice HOFi)
 10810 | D:9      | Killed hbarley's ghost
 11002 | D:10     | Entered Level 10 of the Dungeon
 11044 | D:10     | Found a staircase to the Orcish Mines.
 11599 | D:10     | Identified the +3 leather armour "Oniantear" {Drain rC+
                  | MP+9}
 11739 | D:10     | Reached XP level 12. HP: 78/79 MP: 12/12
 12377 | D:11     | Reached skill level 14 in Armour
 12429 | D:11     | Noticed Sonja
 12447 | D:11     | Killed Sonja
 12571 | D:11     | Noticed an eight-headed hydra
 12579 | D:11     | Killed an eight-headed hydra
 12667 | D:11     | Identified the +2 dagger of Dawn {flame, rF- Will++ rCorr
                  | Int+4}
 14207 | D:12     | Reached skill level 15 in Armour
 14289 | D:12     | Identified a scroll of acquirement
 14289 | D:12     | Acquired the +10 broad axe "Beetlebane" {vorpal, Str+4
                  | Int+3}
 14657 | D:13     | Noticed a six-headed hydra
 14671 | D:13     | Noticed a soul eater
 14951 | D:13     | Noticed a boulder beetle
 14979 | D:13     | Killed a boulder beetle
 14980 | D:13     | Reached skill level 1 in Dodging
 14980 | D:13     | Reached XP level 13. HP: 61/85 MP: 13/13
 17141 | D:14     | Found a gate to the Vaults.
 17141 | D:14     | Noticed a vault guard
 17156 | D:14     | Killed a vault guard
 17360 | D:14     | Reached skill level 5 in Shields
 17541 | D:15     | Entered Level 15 of the Dungeon
 17775 | D:15     | Reached skill level 16 in Armour
 18215 | D:15     | Gained mutation: Your large and strong wings let you fly.
                  | [Gargoyle growth]
 18215 | D:15     | Reached XP level 14. HP: 74/92 MP: 14/14
 18719 | D:15     | Reached skill level 10 in Axes
 18735 | D:15     | Found a staircase to the Depths.
 18735 | D:15     | Noticed a frost giant
 18743 | D:15     | Killed a frost giant
 19572 | Lair:1   | Entered Level 1 of the Lair of Beasts
 21083 | Lair:2   | Found a gate leading to a gauntlet.
 21106 | Gauntlet | Entered a Gauntlet
 21106 | Gauntlet | Found a transporter.
 21106 | Gauntlet | Found a transporter.
 21138 | Gauntlet | Found a transporter.
 21141 | Gauntlet | Found a transporter.
 21141 | Gauntlet | Found a transporter.
 21141 | Gauntlet | Found a transporter.
 21153 | Gauntlet | Found a transporter.
 21155 | Gauntlet | Found a transporter.
 21165 | Gauntlet | Found a transporter.
 21174 | Gauntlet | Noticed a broodmother
 21174 | Gauntlet | a wolf spider changed into a broodmother
 21267 | Gauntlet | Found a transporter.
 21271 | Gauntlet | Found a transporter.
 21281 | Gauntlet | Found a transporter.
 21551 | Gauntlet | Identified the amulet of Wonder {Regen+ MP+9 Dex+3}
 21655 | Gauntlet | Identified the +8 mace of Uraelehue {vorpal, rCorr Int+2}
 22470 | Lair:2   | Found a staircase to the Shoals.
 22512 | Lair:3   | Noticed Nessos
 22536 | Lair:3   | Killed Nessos
 22705 | Lair:3   | Found a staircase to the Snake Pit.
 22977 | Lair:3   | Reached skill level 17 in Armour
 22981 | Lair:3   | Reached XP level 15. HP: 98/98 MP: 15/15
 23350 | Lair:4   | Found a staircase to the Slime Pits.
 23350 | Lair:4   | Found a viscous altar of Jiyva.
 23417 | Lair:4   | Found a runed translucent door.
 24036 | Lair:4   | Identified the +8 whip of the Two Names {speed, rF+ Int+2}
 24037 | Lair:4   | Found a runed translucent gate.
 24037 | Lair:4   | Found a runed translucent gate.
 24037 | Lair:4   | Found a runed translucent gate.
 24037 | Lair:4   | Found a runed translucent gate.
 24037 | Lair:4   | Found a runed translucent gate.
 24037 | Lair:4   | Found a runed translucent gate.
 24156 | Lair:4   | Acquired 893 gold pieces
 24162 | Lair:5   | Entered Level 5 of the Lair of Beasts
 24304 | Lair:5   | Reached skill level 5 in Dodging
 24664 | Lair:5   | Found a large runed translucent door.
 24664 | Lair:5   | Found a large runed translucent door.
 25426 | Lair:5   | Identified the +3 giant club "Wacunuir" {vorpal, rF+}
 25444 | Lair:5   | Bought a +0 pair of gloves of infusion for 195 gold pieces
 25662 | Orc:1    | Entered Level 1 of the Orcish Mines
 25807 | Orc:1    | Noticed an orc warlord
 25823 | Orc:1    | Killed an orc warlord
 25883 | Orc:1    | Reached skill level 10 in Throwing
 26150 | Orc:2    | Entered Level 2 of the Orcish Mines
 26215 | Orc:2    | Reached skill level 10 in Shields
 26222 | Orc:2    | Found a staircase to the Elven Halls.
 26249 | Orc:2    | Noticed Nergalle
 26251 | Orc:2    | Noticed Saint Roka
 26418 | Orc:1    | Killed Nergalle
 26425 | Orc:1    | Reached XP level 16. HP: 44/105 MP: 16/16
 26531 | Orc:1    | Killed Saint Roka
 26851 | Orc:2    | Found Guorhol's General Store.
 26913 | Orc:2    | Bought a potion of curing for 30 gold pieces
 26999 | Orc:2    | Found Sofogaram's Antique Armour Boutique.
 27314 | Orc:2    | Found Dauserut's Antique Weapon Boutique.
 27330 | Orc:2    | Found Rolu's Jewellery Boutique.
 27337 | Orc:2    | Bought the ring "Uriz" {Fire rPois rN+ Str+3} for 607 gold
                  | pieces
 27592 | Orc:1    | Reached skill level 18 in Armour
 27594 | Orc:1    | You are sucked into a shaft and drop 1 floor!
 28235 | D:7      | Bought a potion of haste for 100 gold pieces
 28235 | D:7      | Bought 2 potions of heal wounds for 100 gold pieces
 28235 | D:7      | Bought a potion of mutation for 80 gold pieces
 28235 | D:7      | Bought a potion of curing for 30 gold pieces
 28235 | D:7      | Bought a potion of curing for 30 gold pieces
 28235 | D:7      | Bought a potion of cancellation for 80 gold pieces
 28356 | Shoals:1 | Entered Level 1 of the Shoals
 28356 | Shoals:1 | Noticed Donald
 28367 | Shoals:1 | Killed Donald
 28407 | Abyss:2  | Cast into level 2 of the Abyss (merfolk impaler)
 28443 | Abyss:2  | Found a shimmering blue altar of Sif Muna.
 28681 | Shoals:1 | Escaped the Abyss
 28707 | Shoals:1 | Slain by a merfolk impaler

Illustrated notes

Levels and vault maps discovered:
D:1:      dpeg_arrival_signposts, layout_rooms,
          shapermc_ecumenical_altar_mp_highgroup
D:2:      layout_loops_cross, serial_shops, shop
D:3:      layout_rooms, pf_just_have_faith, serial_park_tiny_pond
D:4:      layout_basic, minmay_misc_feat_tower, minmay_checkerbox
D:5:      layout_cave_pools, dk_vineyard_3, uniq_ijyb, uniq_eustachio
D:6:      layout_rooms, minmay_temple_entry_grid, uniq_blork_the_orc,
          uniq_menkaure
D:7:      layout_loops_ring, gammafunk_ghost_grave, minmay_shop_grid_forest,
          kennysheep_generic_room_2, uniq_pikel, uniq_prince_ribbit1
D:8:      layout_basic, mainiacjoe_overflow_alcove_3, erik_lair_island,
          minmay_manual_monolith
D:9:      layout_stronghold, gammafunk_ghost_grave
D:10:     layout_loops_corners, minmay_orc_entry_temple_small
D:11:     layout_loops_cross, uniq_sonja
D:12:     layout_loops_cross
D:13:     layout_long_grid, minmay_holes
D:14:     layout_gridville, grunt_vaults_entry_tiered, nrook_pool_corridor
D:15:     grunt_enter_depths_snipers, layout_basic, hangedman_decor_lopped
Temple:   hellmonk_temple_divided_pantheon
Lair:1:   layout_regular_city, serial_bayou_shore_b, serial_bayou_shore_a
Lair:2:   layout_regular_city, minmay_shoals_entry_lonely_mermaid,
          gauntlet_entry_generic
Lair:3:   layout_misc_corridors, guppyfry_snake_entry_island,
          grunt_megastairs_3, uniq_nessos
Lair:4:   gammafunk_indiana_jones, layout_cave_shapes, slime_entry_1,
          serial_bayou_crossing, infiniplex_staircase_pool, lemuel_fruit_tree
Lair:5:   cheibrodos_lair_end_hotspot, layout_misc_corridors,
          serial_bayou_shore_b
Shoals:1: layout_shoals, serial_shops, shop, nicolae_shoals_c_island,
          uniq_donald
Orc:1:    layout_caves, basic_altar
Orc:2:    grunt_orc_cross, layout_diamond_mine

Skill      XL: |  1  2  3  4  5  6  7  8  9 10 11 12 13 14 15 16 |
---------------+-------------------------------------------------+-----
Fighting       | 4 5 6 7 8 9 10 11 12 13 | 13.8
Armour         | 4 5 6 7 8 10 12 13 15 16 17 18 | 18.1
Axes           | 2 3 4 6 7 8 9 10 11 12 | 12.3
Throwing       | 2 4 5 6 8 9 10 | 10.2
Dodging        | 1 3 4 5 |  5.9
Shields        | 5 8 10 | 10.7
Maces & Flails | |  2.0

Action                   |  1- 3 |  4- 6 |  7- 9 | 10-12 | 13-15 | 16-18 || total
-------------------------+-------+-------+-------+-------+-------+-------++-------
Melee: Flail             |   125 |   169 |   408 |   665 |       |       ||  1367
       Broad axe         |       |       |       |    51 |   824 |   205 ||  1080
 Fire: Hand crossbow     |       |    26 |       |       |       |       ||    26
Throw: Dart              |       |       |     6 |    14 |    11 |       ||    31
       Boomerang         |       |       |       |     6 |    58 |       ||    64
       Javelin           |       |       |       |       |       |     1 ||     1
Invok: Call Merchant     |       |       |       |       |     5 |     1 ||     6
Evoke: Wand              |       |       |     3 |     4 |    35 |     6 ||    48
       Box of beasts     |       |       |       |       |       |     1 ||     1
  Use: Potion            |       |     2 |     2 |     5 |       |     5 ||    14
       Scroll            |       |     5 |     9 |    17 |    13 |     2 ||    46
 Stab: Paralysed         |       |       |     5 |       |       |       ||     5
       Distracted        |       |       |     2 |     6 |     7 |     1 ||    16
Armor: Scale mail        |    15 |       |       |       |       |       ||    15
       Chain mail        |    86 |   116 |       |       |       |       ||   202
       Crystal plate arm |       |    53 |   569 |   756 |  1034 |   100 ||  2512
Dodge: Dodged            |    61 |    88 |   133 |   253 |   304 |    32 ||   871
Block: Buckler           |    26 |    42 |   100 |   303 |   279 |       ||   750
       Tower shield      |       |       |       |       |   428 |   160 ||   588
